 Dungeon Crawl Stone Soup version 0.31-a0-940-gdaa99269f9 (webtiles) character file.

Game seed: 12500286576150156351

10 gelatine the Changeling (level 2, -6/18 HPs)
             Began as an Octopode Shapeshifter on Oct 20, 2023.
             Mangled by a gnoll
             ... wielding a +0 whip
              (7 damage)
             ... on level 1 of the Dungeon.
             The game lasted 00:00:27 (172 turns).

gelatine the Changeling (Octopode Shapeshifter)      Turns: 172, Time: 00:00:28

Health: -6/18      AC:  1    Str: 13    XL:     2   Next: 20%
Magic:  2/2        EV: 10    Int: 12    God:
Gold:   21         SH:  0    Dex: 11    Spells: 1/1 levels left

rFire   . .          .
                       - Unarmed
rCold   . . .        (no shield)
rNeg    . . .        (helmet currently unavailable)
rPois   .            (no amulet)
rElec   .            (no ring)
rCorr   .            (no ring)
SInv    .            (no ring)
Will    .....        (no ring)
Stlth   ++           (no ring)
HPRegen 0.23/turn    (no ring)
MPRegen 0.08/turn    (no ring)
                     (no ring)

%: no passive effects
@: beast-form, constricted
A: beast (slay +1), almost no armour, amphibious, 8 rings, camouflage 1,
gelatinous body 1, (nimble swimmer 1), tentacles
a: Begin Untransformation


You were on level 1 of the Dungeon.
You were a hulking beast.
You visited 1 branch of the dungeon, and saw 1 of its levels.

You collected 21 gold pieces.

Inventory:

Talismans
 b - a beast talisman (active)
 c - a flux talisman
Scrolls
 d - a scroll of blinking {unknown}
Potions
 a - a potion of lignification


   Skills:
 + Level 1.0 Fighting
 + Level 2.2 Dodging
 + Level 3.0 Unarmed Combat
 * Level 3.3 Shapeshifting


You had one spell level left.
You didn't know any spells.
Your spell library was empty.

Dungeon Overview and Level Annotations

Branches:
Dungeon (1/15)

Altars:


Innate Abilities, Weirdness & Mutations

You are a hulking beast.
Your limbs bulge with bestial killing power. (Slay +1)
You cannot wear most types of armour.
You are amphibious.
You can wear up to eight rings at the same time.
Your skin changes colour to match your surroundings (Stealth+).
Your rubbery body absorbs attacks. (AC +1, EV +1)
((You are camouflaged when in or above water. (Stealth+)))
You have tentacles for arms and can constrict up to eight enemies at once.


Message History

The giant cockroach is heavily wounded.
The giant cockroach bites you but does no damage.
You tentacle-slap the giant cockroach. Your grab misses the giant cockroach.
The giant cockroach is almost dead.
The giant cockroach bites you.
You tentacle-slap the giant cockroach.
You kill the giant cockroach!
You have reached level 2!
A dart slug comes into view.
The helpless rat fails to defend itself.
You tentacle-slap the rat but do no damage.
You grab the rat. You tentacle-slap the rat.
You kill the rat!
A dart slug is nearby!
The helpless dart slug fails to defend itself.
You tentacle-slap the dart slug. You grab the dart slug.
The dart slug is heavily wounded.
You constrict the dart slug, but do no damage.
The dart slug launches a dart at you. The slug dart misses you.
You tentacle-slap the dart slug. You squeeze the dart slug.
You kill the dart slug!
Found a red potion.
A ball python comes into view.
A quokka and a gnoll come into view.
The gnoll shouts!
The ball python hisses angrily.
The ball python barely misses you. x2; The ball python bites you.
The ball python grabs you. The ball python constricts you.
The gnoll hits you with a +0 whip.
You closely miss the gnoll. Your grab misses the gnoll.
The ball python closely misses you. The ball python constricts you.
The gnoll hits you with a +0 whip.
* * * LOW HITPOINT WARNING * * *
You tentacle-slap the gnoll. You grab the gnoll. You squeeze the gnoll.
The gnoll is heavily wounded.
You constrict the gnoll, but do no damage.
The ball python bites you.
* * * LOW HITPOINT WARNING * * *
The ball python constricts you. The gnoll hits you with a +0 whip!
You die...

#.#
#.#####.##########
#................#
#####...#####.#.#
#.....# #.#.#
#.....# #.#.# #
#.....# #.#.#
####.##...## #.#.#
#...rgh..##
#.#.#####
#....S...#
#.#......
#......#..#
#.#..####
#.....###.#
#.#..#### #.....
.# #........
#..... ##
##...#.## #.....
#######>..#.##
....##
#......†......
.#.####.......


You could see a gnoll, a quokka and a ball python.

Vanquished Creatures
  2 dart slugs (D:1)
  A giant cockroach (D:1)
  A hobgoblin (D:1)
  A ball python (D:1)
  2 rats (D:1)
7 creatures vanquished.

Notes
Turn   | Place    | Note
-------+----------+-------------------------------------------
     0 | D:1      | gelatine the Octopode Shapeshifter began the quest for the
                  | Orb.
     0 | D:1      | Reached XP level 1. HP: 13/13 MP: 1/1
   149 | D:1      | Reached XP level 2. HP: 16/18 MP: 2/2
   172 | D:1      | Mangled by a gnoll

Illustrated notes

Levels and vault maps discovered:
D:1:      dpeg_arrival_orchard, layout_loops_ring, ebering_ecumenical_altar_rust

Action                     || total
---------------------------++-------
  Melee: Unarmed           ||    13
         Tentacles         ||     5
         Constrict         ||     5
         Punch             ||     1
   Stab: Sleeping          ||     4
 Armour: Skin              ||     8
  Dodge: Dodged            ||     6

Table legend: (Time is in decaauts)
 A = Elapsed time spent in this place.
 B = Non-inter-level travel time spent in this place.
 C = Inter-level travel time spent in this place.
 D = Time resting spent in this place.
 E = Time spent auto-exploring this place.
 F = Levels seen in this place.
 G = Mean time per level.
                   A        B        C        D        E       F      G
               +--------+--------+--------+--------+--------+-----+--------+
         Total |    171 |    171 |      0 |      0 |    109 |   1 |  171.0 |
       Dungeon |    171 |    171 |      0 |      0 |    109 |   1 |  171.0 |
               +--------+--------+--------+--------+--------+-----+--------+

Top non-repeatable levels by time:
     D:1: 171 daAuts
